 Dungeon Crawl Stone Soup version 0.30-b1-2-g02819fbbbe (webtiles) character file.

Game seed: 10248677122107025712

2778 Once the Fighter (level 9, 0/81 (89) HPs)
             Began as a Minotaur Berserker on Dec 1, 2023.
             Was an Elder of Trog.
             Slain by a wight
             ... wielding a +3 morningstar
              (4 damage)
             ... on level 8 of the Dungeon.
             The game lasted 00:31:07 (6051 turns).

Once the Fighter (Minotaur Berserker)               Turns: 6051, Time: 00:31:08

HP:   0/81 (89)     AC: 12    Str: 33    XL:     9   Next: 42%
MP:   8/8           EV:  8    Int:  4    God:    Trog [****..]
Gold: 428           SH:  0    Dex:  9    Spells: 8/8 levels left

rFire   . . .        a - +1 hand axe
rCold   . . .        (no shield)
rNeg    . . .        s - +1 plate armour
rPois   .            (helmet restricted)
rElec   .            (no cloak)
rCorr   .            (no gloves)
SInv    .            (no boots)
Will    .....        (no amulet) Stlth
                     l - +6 ring of strength
HPRegen 0.33/turn    (no ring)
MPRegen 0.11/turn

%: no passive effects
@: drained
A: horns 2, retaliatory headbutt
a: Renounce Religion, Berserk, Trog's Hand, Brothers in Arms


You were on level 8 of the Dungeon.
You worshipped Trog.
Trog was greatly pleased with you.
You visited 1 branch of the dungeon, and saw 8 of its levels.

You collected 428 gold pieces.

Inventory:

Hand Weapons
 a - a +1 hand axe (weapon)
Missiles
 g - 5 silver boomerangs (quivered)
 r - a throwing net
Armour
 i - an orb of energy
 s - a +1 plate armour (worn)
Magical Staves
 p - a staff of earth
Jewellery
 b - a ring of resist corrosion
 h - a ring of fire
 j - an amulet of guardian spirit
 l - a +6 ring of strength (left hand)
 m - a ring of fire
Wands
 q - a wand of roots (13)
Scrolls
 c - 8 scrolls of identify
 e - a scroll of teleportation
 f - 2 scrolls of noise
 n - 2 scrolls of blinking {unknown}
 o - 2 scrolls of fear {unknown}
Potions
 k - a potion of haste {unknown}


   Skills:
 + Level 11.5 Fighting
 + Level 11.5 Axes
 - Level 2.5 Armour
 - Level 2.3 Dodging


You had 8 spell levels left.
You didn't know any spells.
Your spell library contained the following spells:

 Spells                   Type           Power      Damage    Failure   Level
 Summon Small Mammal      Summ           0%         N/A       99%         1
 Blink                    Tloc           0%         N/A       100%        2
 Lesser Beckoning         Tloc           0%         N/A       100%        2
 Momentum Strike          Conj/Tloc      0%         3d8       100%        2
 Call Canine Familiar     Summ           0%         N/A       100%        3
 Summon Guardian Golem    Hex/Summ       0%         N/A       100%        3
 Manifold Assault         Tloc           0%         N/A       100%        4
 Dispersal                Tloc           0%         N/A       100%        6
 Disjunction              Tloc           0%         N/A       100%        8


Dungeon Overview and Level Annotations

Branches:
Dungeon (9/15)
 Temple: D:4-7         Lair: D:8-11         Orc: D:9-12

Altars:
Ru

Annotations:
D:8 1 transporter, Grum; diceflayer's ghost, novice DsGl


Innate Abilities, Weirdness & Mutations

You have a pair of horns on your head.
You reflexively headbutt those who attack you in melee.


Message History

The wight barely misses you. The wight hits you with a +0 war axe.
You feel drained.
You barely miss the wight. You hit the wight. The wight barely misses you. x2
The wight hits you with a +0 war axe.
You hit the wight but do no damage. You headbutt the wight.
The wight is lightly damaged.
You completely miss the wight.
The wight hits you with a +3 morningstar!
You feel drained.
The wight hits you from afar with a +0 halberd!
You barely miss the wight.
The wight is lightly damaged.
You hit the wight but do no damage. The wight barely misses you.
The wight hits you but does no damage.
You barely miss the wight.
The wight is lightly damaged.
You hit the wight. The wight barely misses you.
The wight hits you but does no damage.
You hit the wight.
The wight is moderately damaged.
You hit the wight.
The wight hits you with a +3 morningstar!
* * * LOW HITPOINT WARNING * * *
The wight barely misses you. The wight hits you but does no damage.
You hit the wight but do no damage. You headbutt the wight!
The wight is severely damaged.
You hit the wight but do no damage.
The wight hits you with a +3 morningstar.
* * * LOW HITPOINT WARNING * * *
You feel drained.
* * * LOW HITPOINT WARNING * * *
The wight closely misses you. You furiously retaliate!
You headbutt the wight!
You destroy the wight!
Trog accepts your kill. The wight attacks as you move away!
The wight hits you but does no damage. The wight attacks as you move away!
The wight hits you with a +3 morningstar!
* * * LOW HITPOINT WARNING * * *
You feel drained.
You die...

#####.# ##...#.## #.#
....)[#######.###.###.#
#####.)))...)##.##.##.#
#######.#..)..###.#
#...>....###.#
#...........#.#
#.............#
#............##
##...#..@....##
########z....# #..
..#.....# #.♣ ♣.#z....#
#.♣ ♣.#z...## #.♣
♣.#..[.# #.♣ ♣.#.##.#
#.♣♣♣.#.##.#
.♣♣♣.♣♣♣.....#.##.#


You could see 3 wights.

Vanquished Creatures
  2 wyverns (D:8)
  Sigmund (D:4)
  A water moccasin (D:5)
  An orc warrior (D:6)
  2 ice beasts
  A black bear (D:4)
  5 centaurs
  2 bullfrogs
  7 wights
  A howler monkey (D:8)
  3 jellies
  7 orc priests
  2 hounds
  3 iguanas
  9 orc wizards
  A sleepcap (D:6)
  12 adders
  6 gnolls
  4 worms
  4 dart slugs
  20 orcs
  7 ball pythons
  2 bats (D:1)
  4 endoplasms
  3 giant cockroaches (D:1)
  7 goblins
  3 hobgoblins
  2 kobolds
  6 quokkas
  12 rats
140 creatures vanquished.

Vanquished Creatures (others)
  14 plants (D:8)
14 creatures vanquished.

Grand Total: 154 creatures vanquished

Notes
Turn   | Place    | Note
-------+----------+-------------------------------------------
     0 | D:1      | Once the Minotaur Berserker began the quest for the Orb.
     0 | D:1      | Reached XP level 1. HP: 19/19 MP: 0/0
    83 | D:1      | Found a faded altar of an unknown god.
   230 | D:1      | Reached XP level 2. HP: 27/27 MP: 1/1
   735 | D:2      | Reached XP level 3. HP: 34/34 MP: 2/2
  1334 | D:2      | Found a sacrificial altar of Ru.
  1508 | D:2      | Reached XP level 4. HP: 41/41 MP: 3/3
  1558 | D:2      | Identified the +11 dagger of Guile {freeze, rCorr Int+2
                  | Dex+4}
  1817 | D:3      | Reached skill level 5 in Fighting
  1817 | D:3      | Reached skill level 5 in Axes
  1889 | D:3      | Reached ** piety under Trog
  2217 | D:3      | Reached XP level 5. HP: 43/48 MP: 4/4
  2605 | D:4      | Reached XP level 6. HP: 31/57 MP: 5/5
  2784 | D:4      | Noticed Sigmund
  2797 | D:4      | Killed Sigmund
  2893 | D:4      | Reached XP level 7. HP: 59/66 MP: 6/6
  3288 | D:5      | Entered Level 5 of the Dungeon
  3361 | D:5      | Reached *** piety under Trog
  3939 | D:5      | Reached XP level 8. HP: 74/75 MP: 7/7
  4762 | D:6      | You fall into a shaft and drop 3 floors!
  4804 | D:8      | Reached skill level 10 in Fighting
  4804 | D:8      | Reached skill level 10 in Axes
  5177 | D:8      | Identified the +2 trident of Qagunausk {elec, *Slow rElec
                  | rF+++ Int+2}
  5186 | D:8      | Found a transporter.
  5196 | D:8      | Noticed diceflayer's ghost (novice DsGl)
  5221 | D:8      | Noticed Grum
  5308 | D:8      | Reached **** piety under Trog
  5343 | D:8      | Reached XP level 9. HP: 43/85 MP: 8/8
  6051 | D:8      | HP: 4/84 [wight/+3 morningstar (13)]
  6051 | D:8      | Slain by a wight

Illustrated notes

Levels and vault maps discovered:
D:1:      ncdulo_lavacross, layout_basic, shapermc_ecumenical_altar_acropolis
D:2:      layout_basic, basic_altar, minmay_rat_gold_closets
D:3:      layout_loops_ring
D:4:      layout_gridville, uniq_sigmund
D:5:      layout_basic
D:6:      layout_loops_ring, kennysheep_dice
D:8:      nzn_winding_woodlands_three_and_one
          [nzn_winding_woodlands_5x15_concentric,
          nzn_winding_woodlands_5x15_split_checker,
          nzn_winding_woodlands_5x15_garden,
          nzn_winding_woodlands_center_lodge], layout_loops_ring,
          gammafunk_ghost_gnarly_gnolls, minmay_nine_imps
D:9:      layout_cave_pools, gammafunk_temple_overflow_statue,
          minmay_lair_entry_grove, serial_gnoll_camp, gnoll_camp_mini_house,
          gnoll_camp_mini_basic, gnoll_camp_mini_doghouse,
          gnoll_camp_mini_loothouse, gnoll_camp_medium_02,
          gnoll_camp_mini_sergeant, due_unseen_surprise

Skill      XL: |  1  2  3  4  5  6  7  8  9 |
---------------+----------------------------+-----
Fighting       | 4 5 6 7 8 10 11 | 11.5
Axes           | 4 5 6 7 8 10 11 | 11.5
Armour         | |  2.5
Dodging        | |  2.3

Action                     |  1- 3 |  4- 6 |  7- 9 || total
---------------------------+-------+-------+-------++-------
  Melee: Hand axe          |    69 |   109 |   246 ||   424
         Headbutt          |    12 |    16 |    42 ||    70
         Punch             |       |       |     4 ||     4
 Invoke: Berserk           |       |       |     2 ||     2
         Trog's Hand       |       |       |     1 ||     1
    Use: Scroll            |       |     6 |     1 ||     7
         Potion            |       |     3 |     1 ||     4
 Armour: Animal skin       |     3 |       |       ||     3
         Leather armour    |     6 |       |       ||     6
         Ring mail         |     1 |    17 |       ||    18
         Plate armour      |       |    32 |   131 ||   163
  Dodge: Dodged            |    20 |    37 |    85 ||   142
